 Dungeon Crawl Stone Soup version 0.28.0-53-g5a82cb258f (webtiles) character file.

Game seed: 17660501372918154818

11432 Stomo the Frost Mage (level 11, -8/72 (97) HPs)
             Began as a White Draconian Monk on July 13, 2022.
             Was the Champion of Ru.
             Mangled by a spatial maelstrom (17 damage)
             ... on level 2 of the Abyss on July 14, 2022.
             The game lasted 00:34:30 (9572 turns).

Stomo the Frost Mage (White Draconian Monk)         Turns: 9572, Time: 00:34:31

HP:   -8/72 (97)    AC: 12    Str: 16      XL:     11   Next: 49%
MP:   21/21         EV: 24    Int:  7 (9)  God:    Ru [******]
Gold: 634           SH:  0    Dex: 13      Spells: 21/24 levels left

rFire   + + .      SeeInvis .   n - +3 morningstar of Excruciating Pain {vorpal, rN+}
rCold   + . .      Faith    .   (shield unavailable)
rNeg    + . .      Spirit   .   (armour unavailable)
rPois   .          Reflect  .   (helmet restricted)
rElec   .          Harm     .   c - +0 cloak
rCorr   .          Rampage  +   d - +2 pair of gloves {Stlth+}
Will    .....                   h - +0 pair of boots of Kilu {Rampage rF++ Regen+}
Stlth   ..........              f - amulet of regeneration
HPRegen 0.00/turn               (ring unavailable)
MPRegen 0.17/turn               z - +4 ring of evasion

@: confused, agile, exhausted, sick, hasted, very heavily drained, very quick
A: breathe frost, AC +7, unfitting armour, cold resistance 1, cold-blooded,
missing a hand, no stealth, inability to use devices, no conjurations magic, no
hexes magic, no poison magic, dopey 1, weak 1
a: Breathe Frost, Renounce Religion, Draw Out Power, Power Leap, Apocalypse


You were on level 2 of the Abyss.
You worshipped Ru.
Ru was exalted by your worship.
You visited 1 branch of the dungeon, and saw 10 of its levels.
You visited the Abyss 1 time.
You also visited: Ossuary.

You collected 634 gold pieces.

Inventory:

Hand Weapons
 a - a +0 mace
 n - the +3 morningstar of Excruciating Pain (weapon) {vorpal, rN+}
   (You found it on level 2 of the Dungeon)

   It inflicts extra damage upon your enemies.
   rN:        It protects you from negative energy.
 w - a +2 whip of freezing
Missiles
 A - 5 throwing nets
Armour
 c - a +0 cloak (worn)
 d - a +2 pair of gloves of stealth (worn)
 h - the +0 pair of boots of Kilu (worn) {Rampage rF++ Regen+}
   (You acquired it on level 4 of the Dungeon)

   rF:        It greatly protects you from fire.
   Regen:     It increases your rate of health regeneration.
   Rampage:   It bestows one free step when moving towards enemies.
 B - the +0 pair of boots "Miecva" {Contam rElec Int+6 Stlth+}
   (You acquired it on level 2 of the Abyss)

   Int:       It affects your intelligence (+6).
   rElec:     It insulates you from electricity.
   Contam:    It causes magical contamination when unequipped.
   Stlth:     It makes you more stealthy.
Jewellery
 f - an amulet of regeneration (around neck)
 s - a ring of wizardry
 y - a ring of resist corrosion
 z - a +4 ring of evasion (right hand)
 C - a ring of ice
 E - the amulet of the Four Winds {rN+ Will+++ Clar}
   (You found it on level 9 of the Dungeon)

   [amulet of nothing]

   rN:        It protects you from negative energy.
   Clar:      It protects you against confusion.
   Will:      It greatly increases your willpower.
 F - a +6 ring of dexterity
Scrolls
 o - 4 scrolls of vulnerability
 q - 4 scrolls of teleportation
 t - 2 scrolls of amnesia
 v - 9 scrolls of identify
Potions
 b - a potion of ambrosia {unknown}
 e - a potion of mutation
 g - 8 potions of curing
 i - 3 potions of lignification
 j - 2 potions of haste
 k - a potion of cancellation {unknown}
 l - 4 potions of heal wounds
 m - 4 potions of brilliance {unknown}
 p - 3 potions of degeneration {unknown}
 r - a potion of invisibility {unknown}
 u - a potion of berserk rage {unknown}
 x - a potion of flight {unknown}
 D - a potion of attraction {unknown}


   Skills:
 + Level 9.1 Fighting
 + Level 8.3 Maces & Flails
 + Level 7.6 Dodging
 + Level 7.2 Spellcasting
 + Level 11.4 Ice Magic


You had 21 spell levels left.
You knew the following spells:

 Your Spells              Type           Power      Damage    Failure   Level
a - Frozen Ramparts       Ice            36%        1d5       1%          3

Your spell library contained the following spells:

 Spells                   Type           Power      Damage    Failure   Level
 Beastly Appendage        Tmut           4%         N/A       22%         1
 Ice Form                 Ice/Tmut       10%        N/A       22%         4
 Summon Ice Beast         Ice/Summ       10%        N/A       22%         4
 Corpse Rot               Necr/Air       4%         N/A       34%         2
 Wereblood                Tmut           2%         N/A       34%         2
 Vampiric Draining        Necr           2%         2d6       56%         3
 Blade Hands              Tmut           1%         N/A       99%         5
 Dragon Form              Tmut           1%         N/A       100%        7
 Slow                     Hex            Unusable   N/A       N/A         1
 Poisonous Vapours        Pois/Air       Unusable   N/A       N/A         2
 Confusing Touch          Hex            Unusable   N/A       N/A         3
 Spider Form              Tmut/Pois      Unusable   N/A       N/A         3
 Irradiate                Conj/Tmut      Unusable   3d14      N/A         5

Dungeon Overview and Level Annotations

Branches:
Dungeon (10/15)            Temple (0/1) D:7            Lair (0/6) D:9
Ossuary (visited)
    Orc: D:9-12

Altars:
Ashenzari
Cheibriados
Dithmenos
Gozag
Hepliaklqana
Kikubaaqudgha
Makhleb
Nemelex Xobeh
Ru
Trog
Uskayaw
Xom
Yredelemnul
Zin

Shops:
D:1 [   D:3 *   D:8 *

Annotations:
D:1 1 runed translucent door
D:7 1 runed translucent door, ZoeForever1's ghost, novice DrTm
D:10 Erolcha


Innate Abilities, Weirdness & Mutations

You can breathe waves of freezing cold which knock back foes.
Your icy white scales are hard. (AC +7)
You cannot fit into any form of body armour.
Your flesh is cold resistant. (rC+)
You are cold-blooded and may be slowed by cold attacks.
You are missing a hand.
You cannot be stealthy.
You cannot study or use magical devices.
You cannot study or cast Conjurations magic.
You cannot study or cast Hexes magic.
You cannot study or cast Poison magic.
You are dopey. (Int -2)
You are weak. (Str -2)


Message History

The thrashing horror roars!
The golden eye blinks at you.
You are confused.
The spatial maelstrom completely misses you.
The spatial maelstrom misses you.
The rakshasa weaves an illusion.
The golden eye shimmers and seems to become two!
A spatial vortex comes into view.
The golden eye blinks at you.
You are more confused.
The thrashing horror is stunned by your conviction and fails to attack.
A spatial vortex comes into view.
You closely miss the spatial maelstrom.
The spatial maelstrom is lightly damaged.
The thrashing horror stops glowing.
The spatial maelstrom completely misses you.
The spatial maelstrom closely misses you.
The golden eye blinks at you.
You are more confused.
The golden eye begins to attack, but is stunned by your conviction!
The thrashing horror completely misses you.
The thrashing horror tramples you but does no damage.
A spatial vortex comes into view.
You barely miss the thrashing horror.
The thrashing horror is lightly damaged.
The golden eye turns its gaze towards you.
The spatial maelstrom hits you. Space warps around you.
The spatial maelstrom hits you! Space warps around you.
The golden eye blinks at you.
You are more confused.
The golden eye begins to attack, but is stunned by your conviction!
Your body is wracked with pain!
* * * LOW HITPOINT WARNING * * *
The golden eye convulses!
The rakshasa begins to attack, but is stunned by your conviction!
The thrashing horror begins to attack, but is stunned by your conviction!
The spatial maelstrom hits you.
* * * LOW HITPOINT WARNING * * *
Space warps horribly around you!
You die...

# # # # .# . # # #
## # . . # §#...
## .. ..# #.####.
. # ....#....# .
.. . . #.
.)..#X... # .#
#...#.... #.
#...#.#v###
..#..vvvxv@.#
#..###G.X#.#.#
#..v.......#
#v#R.G∩).##.#
.......v.##.......
...#..#..v..## .##
.. #..##.##...# .
..#. ##...#... ..
...#.. ...##.#.


You could see 2 spatial maelstroms, a rakshasa, 7 spatial vortices, an ancient
zyme, a thrashing horror (slow) and 2 golden eyes.

Vanquished Creatures
  A deep elf sorcerer (Abyss:2)
  Harold (D:10)
  A two-headed ogre (D:8)
  A death knight (D:8)
  A wretched star (Abyss:2)
  A soul eater (Abyss:2)
  Pikel (D:5)
  2 ugly things (D:8)
  Maurice (D:8)
  2 apocalypse crabs (Abyss:2)
  Maggie (D:8)
  2 gargoyles (D:8)
  A smoke demon (Abyss:2)
  Psyche (D:10)
  A tengu conjurer (D:8)
  An efreet (Abyss:2)
  A troll (D:8)
  2 wraiths
  2 yaks (D:9)
  2 wyverns (D:8)
  Eustachio (D:6)
  4 water elementals (D:10)
  A large abomination (Abyss:2)
  2 steam dragons
  Edmund (D:4)
  A neqoxec (Abyss:2)
  Menkaure (Ossuary)
  2 water moccasins
  Duvessa (D:3)
  3 orc warriors
  2 sky beasts
  A necrophage (D:4)
  4 ogres
  4 centaurs
  4 lemures (D:5)
  Blork the orc (D:3)
  3 bullfrogs (D:8)
  2 gnoll sergeants
  2 scorpions
  Dowan (D:4)
  5 killer bees
  5 wights (D:9)
  4 howler monkeys
  10 centaur zombies
  A bullfrog zombie (D:6)
  4 orc priests
  3 gnoll shamans
  A hound (D:7)
  A jelly (D:7)
  A bullfrog skeleton (D:3)
  A centaur skeleton (D:7)
  5 iguanas
  5 orc wizards
  A hound zombie (D:5)
  3 mummies (Ossuary)
  19 gnolls
  A howler monkey skeleton (D:4)
  A howler monkey zombie (D:5)
  12 adders
  A shadow imp (D:6)
  A white imp (D:8)
  3 worms
  3 dart slugs (D:1)
  16 orcs
  6 bats
  6 endoplasms
  4 giant cockroaches
  7 goblins
  5 hobgoblins
  4 jackals (D:1)
  7 kobolds
  8 quokkas
  9 ball pythons
  4 frilled lizards
  3 gnoll skeletons (Ossuary)
  5 gnoll zombies (Ossuary)
  5 goblin skeletons (Ossuary)
  8 goblin zombies (Ossuary)
  6 hobgoblin skeletons (Ossuary)
  2 hobgoblin zombies (Ossuary)
  3 kobold skeletons (Ossuary)
  3 kobold zombies (Ossuary)
  5 orc skeletons (Ossuary)
  2 orc zombies (Ossuary)
  A quokka skeleton (D:4)
  3 rats (D:2)
  3 rat skeletons (Ossuary)
  5 rat zombies (Ossuary)
288 creatures vanquished.

Vanquished Creatures (others)
  A wretched star (Abyss:2)
  A hornet (D:8)
  A yak (D:9)
  2 centaur zombies
  A lurking horror (Abyss:2)
6 creatures vanquished.

Grand Total: 294 creatures vanquished

Notes
Turn   | Place    | Note
-------+----------+-------------------------------------------
     0 | D:1      | Stomo the Draconian Monk began the quest for the Orb.
     0 | D:1      | Reached XP level 1. HP: 19/19 MP: 1/1
     0 | D:1      | Noticed a jelly
     1 | D:1      | Found a runed translucent door.
   348 | D:1      | Found Helesuo's Armour Emporium.
   380 | D:1      | Reached XP level 2. HP: 13/26 MP: 2/2
  1037 | D:1      | Reached XP level 3. HP: 27/31 MP: 3/3
  1998 | D:2      | Reached XP level 4. HP: 40/40 MP: 4/4
  2121 | D:2      | Identified the +3 morningstar of Excruciating Pain {vorpal,
                  | rN+}
  2248 | D:2      | Identified a scroll of acquirement
  2248 | D:2      | Acquired a +1 pair of gloves of stealth
  2359 | D:3      | Found a sparkling altar of Nemelex Xobeh.
  2516 | D:3      | Found a shadowy altar of Dithmenos.
  2568 | D:3      | Found Ycvaifih's Assorted Antiques.
  2585 | D:3      | Reached XP level 5. HP: 46/46 MP: 5/5
  2739 | D:3      | Found a broken altar of Ashenzari.
  2796 | D:3      | Found a hazy altar of Hepliaklqana.
  2809 | D:3      | Found a sacrificial altar of Ru.
  2827 | D:3      | Noticed a +0 dagger
  2827 | D:3      | Noticed a +0 hand axe
  2828 | D:3      | Found a hide-covered altar of Uskayaw.
  2908 | D:3      | Found a faded altar of an unknown god.
  3007 | D:3      | Found a snail-covered altar of Cheibriados.
  3148 | D:3      | Became a worshipper of Ru the Awakened
  3160 | D:3      | Gained mutation: You cannot study or use magical devices.
                  | [Ru sacrifice]
  3160 | D:3      | Reached * piety under Ru
  3160 | D:3      | Reached ** piety under Ru
  3224 | D:4      | Noticed Blork the orc
  3302 | D:3      | Killed Blork the orc
  3303 | D:3      | Reached XP level 6. HP: 17/53 MP: 6/6
  3324 | D:4      | Reached skill level 5 in Fighting
  3439 | D:4      | Acquired the +0 pair of boots of Kilu {Rampage rF++ Regen+}
  3492 | D:4      | Found a sand-covered staircase.
  3531 | D:4      | Noticed a water moccasin
  3550 | Ossuary  | Entered an ossuary
  3760 | Ossuary  | Noticed Menkaure
  3767 | Ossuary  | Killed Menkaure
  3768 | Ossuary  | Reached skill level 5 in Maces & Flails
  3768 | Ossuary  | Your scales start taking on an icy white colour.
  3768 | Ossuary  | Reached XP level 7. HP: 21/62 MP: 7/7
  3768 | Ossuary  | Gained mutation: Your flesh is cold resistant. (rC+) [White
                  | Draconian growth]
  3865 | Ossuary  | Learned a level 3 spell: Frozen Ramparts
  3919 | D:4      | Noticed Dowan
  3920 | D:4      | Noticed Duvessa
  3926 | D:4      | Killed Dowan
  3927 | D:4      | Reached skill level 1 in Ice Magic
  4006 | D:3      | Killed Duvessa
  4007 | D:3      | Reached skill level 1 in Spellcasting
  4007 | D:3      | Reached skill level 2 in Ice Magic
  4026 | D:4      | Reached skill level 3 in Ice Magic
  4394 | D:4      | Noticed Edmund
  4396 | D:4      | Reached skill level 4 in Ice Magic
  4396 | D:4      | Reached XP level 8. HP: 70/70 MP: 9/11
  4420 | D:4      | Killed Edmund
  4844 | D:5      | Entered Level 5 of the Dungeon
  4851 | D:5      | Reached skill level 5 in Ice Magic
  4916 | D:5      | Gained mutation: You cannot study or cast Poison magic. [Ru
                  | sacrifice]
  4916 | D:5      | Gained mutation: You cannot study or cast Hexes magic. [Ru
                  | sacrifice]
  4916 | D:5      | Gained mutation: You cannot study or cast Conjurations
                  | magic. [Ru sacrifice]
  4916 | D:5      | Reached *** piety under Ru
  5105 | D:5      | Noticed Pikel
  5126 | D:5      | Reached skill level 6 in Ice Magic
  5128 | D:5      | Killed Pikel
  5129 | D:5      | Reached skill level 7 in Ice Magic
  5676 | D:6      | You fall into a shaft and drop 2 floors!
  5677 | D:8      | Noticed a gargoyle
  5677 | D:8      | Noticed a gargoyle
  5680 | D:8      | Noticed a red ugly thing
  5680 | D:8      | Noticed a troll
  5707 | D:6      | Reached skill level 5 in Spellcasting
  5707 | D:6      | Reached XP level 9. HP: 75/75 MP: 14/16
  5819 | D:6      | Noticed Eustachio
  5832 | D:6      | Killed Eustachio
  5833 | D:6      | Reached skill level 8 in Ice Magic
  6019 | D:6      | Reached skill level 5 in Dodging
  6356 | D:7      | Reached skill level 9 in Ice Magic
  6421 | D:7      | Found a runed translucent door.
  6421 | D:7      | Found a shimmering altar of Xom.
  6421 | D:7      | Noticed ZoeForever1's ghost (novice DrTm)
  6432 | D:7      | Noticed a +2 long sword of chaos
  6506 | D:7      | Gained mutation: You cannot be stealthy. [Ru sacrifice]
  6506 | D:7      | Reached **** piety under Ru
  6659 | D:7      | Found a burning altar of Makhleb.
  6774 | D:7      | Found a staircase to the Ecumenical Temple.
  6997 | D:8      | Killed a gargoyle
  7020 | D:8      | Noticed a tengu conjurer
  7020 | D:8      | Noticed a death knight
  7040 | D:8      | Killed a death knight
  7041 | D:8      | Reached XP level 10. HP: 40/86 MP: 13/18
  7058 | D:8      | Noticed a two-headed ogre
  7063 | D:8      | Killed a two-headed ogre
  7064 | D:8      | Reached skill level 10 in Ice Magic
  7069 | D:8      | Killed a red ugly thing
  7091 | D:8      | Identified the +9 hand axe "Fouluech" {pain, Will+ Int+2
                  | Dex+4}
  7182 | D:8      | Found a bloodstained altar of Trog.
  7182 | D:8      | Found a glowing silver altar of Zin.
  7190 | D:8      | Noticed a red ugly thing
  7202 | D:8      | Killed a red ugly thing
  7316 | D:8      | Killed a gargoyle
  7524 | D:8      | Noticed Maurice
  7574 | D:8      | Killed Maurice
  7575 | D:8      | Reached XP level 11. HP: 95/95 MP: 13/20
  7825 | D:8      | Noticed Maggie
  7837 | D:8      | Killed Maggie
  7927 | D:8      | Identified the +1 chain mail of Disaster {rPois Regen+
                  | Str-5}
  8024 | D:8      | Found Sacwax's Fire Supplies.
  8116 | D:9      | Reached skill level 11 in Ice Magic
  8180 | D:9      | Found a basalt altar of Yredelemnul.
  8344 | D:9      | Found the amulet of the Four Winds {rN+ Will+++ Clar}
  8387 | D:9      | Found an opulent altar of Gozag.
  8388 | D:9      | Found a staircase to the Lair.
  8655 | D:10     | Entered Level 10 of the Dungeon
  8674 | D:10     | Gained mutation: You are missing a hand. [Ru sacrifice]
  8674 | D:10     | Reached ***** piety under Ru
  8674 | D:10     | Reached ****** piety under Ru
  8852 | D:10     | Noticed Psyche
  8858 | D:10     | Killed Psyche
  9127 | D:10     | Noticed Harold
  9156 | D:10     | Killed Harold
  9346 | D:10     | Found an ancient bone altar of Kikubaaqudgha.
  9365 | D:10     | Noticed Erolcha
  9374 | D:10     | Cast into level 2 of the Abyss (Erolcha)
  9375 | Abyss:2  | Acquired the +0 pair of boots "Miecva" {Contam rElec Int+6
                  | Stlth+}
  9453 | Abyss:2  | Noticed a soul eater
  9457 | Abyss:2  | Gained mutation: You are weak. (Str -2) [a neqoxec]
  9466 | Abyss:2  | Gained mutation: You are dopey. (Int -2) [a neqoxec]
  9485 | Abyss:2  | Noticed a wretched star
  9487 | Abyss:2  | Noticed a deep elf sorcerer
  9487 | Abyss:2  | Killed a soul eater
  9487 | Abyss:2  | Killed a deep elf sorcerer
  9487 | Abyss:2  | Killed a wretched star
  9488 | Abyss:2  | Noticed a thrashing horror
  9526 | Abyss:2  | Noticed a wretched star
  9542 | Abyss:2  | Killed a wretched star
  9545 | Abyss:2  | Noticed a spatial maelstrom
  9554 | Abyss:2  | Noticed a rakshasa
  9567 | Abyss:2  | HP: 1/77 [thrashing horror (8)]
  9572 | Abyss:2  | Mangled by a spatial maelstrom

Illustrated notes

Levels and vault maps discovered:
D:1:      dpeg_arrival_caged_fury, layout_loops_ring, serial_shops, shop,
          hex_tiny, nrook_loot_triangle, bh_walls_and_bars
D:2:      minmay_general_purpose_star, layout_basic
D:3:      layout_loops_corners, mainiacjoe_overflow_alcove_1,
          dancing_weapons_uskayaw, mainiacjoe_overflow_catwalk,
          nicolae_overflow_quartered_altars, serial_shops, shop,
          dreamdust_ecumenical_altar_angels_and_demons,
          chequers_serial_rivers_small_b
D:4:      layout_layer_cave, lightli_ossuary_entry_decrepit_ruins, uniq_duvessa,
          uniq_edmund, uniq_blork_the_orc
D:5:      layout_basic, uniq_pikel
D:6:      layout_gridville, kennysheep_donut, kennysheep_generic_room_10,
          uniq_eustachio
D:7:      cheibrodos_quashed, layout_cave_pools, lightli_temple_of_fire,
          minmay_temple_entry_nine_rooms, ebering_ghost_xom
D:8:      minmay_the_grid_square_5x5_3x3
          [minmay_the_grid_square_5x5_hollow_slash,
          minmay_the_grid_square_5x5_percent, minmay_the_grid_square_5x5_two,
          minmay_the_grid_square_5x5_one_wall,
          minmay_the_grid_square_5x5_megaprize_checkered,
          minmay_the_grid_square_5x5_tie, minmay_the_grid_square_5x5_shrine1,
          minmay_the_grid_square_5x5_three,
          minmay_the_grid_square_5x5_misaligned], layout_gridville,
          mainiacjoe_overflow_divided_tiny, nicolae_shop_fire_sale
          [nicolae_sub_dead_trees], kennysheep_small_square, uniq_maggie,
          uniq_maurice
D:9:      layout_rooms, grunt_gozag_statues, nicolae_yredelemnul_corpse_copse,
          lair_entry_dummy, minmay_between
D:10:     layout_gridville, kennysheep_mini, nicolae_underground_beach,
          uniq_psyche, uniq_harold, uniq_erolcha
Abyss:2:  base: D:4, evilmike_abyss_exit_10, hangedman_abyss_sting

Skill      XL: |  1  2  3  4  5  6  7  8  9 10 11 |
---------------+----------------------------------+-----
Stealth        | 2 3 0 |  0.0
Dodging        | 3 4 6 7 |  7.6
Fighting       | 4 5 7 8 9 |  9.1
Maces & Flails | 4 5 6 7 8 |  8.3
Ice Magic      | 4 7 9 10 11 | 11.4
Spellcasting   | 2 5 6 7 |  7.2

Action                   |  1- 3 |  4- 6 |  7- 9 | 10-12 || total
-------------------------+-------+-------+-------+-------++-------
Melee: Mace              |   135 |     3 |       |       ||   138
       Tailslap          |    16 |    20 |    18 |    40 ||    94
       Morningstar       |       |   159 |   178 |   230 ||   567
       Punch             |       |     2 |     1 |     1 ||     4
 Cast: Frozen Ramparts   |       |       |    22 |    40 ||    62
Invok: Sacrifice Artific |       |     1 |       |       ||     1
       Sacrifice Arcana  |       |       |     1 |       ||     1
       Sacrifice Stealth |       |       |     1 |       ||     1
       Draw Out Power    |       |       |       |     1 ||     1
       Apocalypse        |       |       |       |     1 ||     1
       Sacrifice a Hand  |       |       |       |     1 ||     1
 Abil: Breathe Frost     |       |       |     9 |    14 ||    23
  Use: Scroll            |       |     8 |     5 |     3 ||    16
       Potion            |       |     2 |       |     3 ||     5
 Stab: Sleeping          |     5 |    18 |    10 |       ||    33
       Distracted        |       |     1 |     1 |     2 ||     4
       Invisible         |       |       |     1 |     5 ||     6
Armor: Skin              |    48 |    56 |    96 |    92 ||   292
Dodge: Dodged            |    84 |   111 |   137 |   292 ||   624
